 Dungeon Crawl Stone Soup version 0.23-a0-629-gae4348f (webtiles) character file.

95 zishaf the Chopper (level 4, 0/41 HPs)
             Began as a Hill Orc Monk on Dec 27, 2018.
             Succumbed to a scorpion's poison
             ... on level 4 of the Dungeon.
             The game lasted 00:03:53 (2692 turns).

zishaf the Chopper (Hill Orc Monk)                  Turns: 2692, Time: 00:03:54

Health: 0/41       AC:  5    Str: 14    XL:     4   Next: 65%
Magic:  4/4        EV: 11    Int: 10    God:
Gold:   186        SH:  0    Dex: 13    Spells: 3/3 levels left

rFire    . . .     SeeInvis .   a - +0 hand axe
rCold    . . .     Gourm    .   (no shield)
rNeg     . . .     Faith    .   s - +0 ring mail
rPois    .         Spirit   .   (no helmet)
rElec    .         Reflect  .   (no cloak)
rCorr    .         Harm     .   (no gloves)
MR       .....                  (no boots)
Stlth    ..........             (no amulet)
HPRegen  0.13/turn              j - ring of attention (curse)
MPRegen  0.09/turn              (no ring)

@: lethally poisoned (0 -> -33), flying
A: no striking features
a: no special abilities


You were on level 4 of the Dungeon.
You were hungry.

You visited 1 branch of the dungeon, and saw 4 of its levels.

You collected 186 gold pieces.

Inventory:

Hand Weapons
 a - a +0 hand axe (weapon)
Missiles
 g - 52 stones (quivered)
Armour
 b - a +0 robe
 s - a +0 ring mail (worn)
 t - a +0 chain mail
Jewellery
 j - a cursed ring of attention (left hand)
Wands
 v - a wand of acid (12)
Scrolls
 e - 2 scrolls of enchant armour {unknown}
 f - 3 scrolls of amnesia {unknown}
 h - a scroll of blinking {unknown}
 k - 2 scrolls of identify {unknown}
 l - a scroll of teleportation {unknown}
 n - 2 scrolls of enchant weapon {unknown}
 q - 4 scrolls of remove curse {unknown}
 r - a scroll of random uselessness {unknown}
 u - a scroll of immolation {unknown}
Potions
 d - a potion of curing {unknown}
 i - a potion of magic
 m - 2 potions of flight
 o - 2 potions of heal wounds {unknown}
 p - a potion of invisibility {unknown}
Comestibles
 c - 5 rations


   Skills:
 + Level 4.5 Fighting
 + Level 5.6 Axes
 + Level 2.0 Armour
 - Level 2.4 Dodging
 - Level 1.5 Stealth
 * Level 0.0 Evocations


You had 3 spell levels left.
You didn't know any spells.
Your spell library was empty.

Dungeon Overview and Level Annotations

Branches:
Dungeon (4/15)
 Temple: D:4-7

Altars:


Message History

You hit the scorpion.
The scorpion is severely wounded.
* * * LOW HITPOINT WARNING * * *
You feel sick. The scorpion stings you.
* * * LOW HITPOINT WARNING * * *
You hit the scorpion but do no damage.
The scorpion is severely wounded.
* * * LOW HITPOINT WARNING * * *
You feel sick. The scorpion closely misses you.
You hit the scorpion but do no damage.
The scorpion is severely wounded.
* * * LOW HITPOINT WARNING * * *
You feel sick. The scorpion stings you.
* * * LOW HITPOINT WARNING * * *
You are more poisoned.
The scorpion poisons you!
It was a potion of flight.
You feel very buoyant.
You fly up into the air.
You die...

#.. .
... .
#.##.
#...
#..#
#..#
#.s#
#@.#
#..#
#..#
...#
#.##
#.#
#.#
..#


You could see a scorpion.

Vanquished Creatures
  An iguana (D:2)
  2 adders (D:2)
  2 worms (D:2)
  A dart slug (D:1)
  A leopard gecko (D:1)
  A ball python (D:1)
  4 giant cockroaches
  5 goblins
  3 hobgoblins
  5 kobolds
  5 bats
  6 frilled lizards
  10 rats
46 creatures vanquished.

Notes
Turn   | Place    | Note
-------+----------+-------------------------------------------
     0 | D:1      | zishaf the Hill Orc Monk began the quest for the Orb.
     0 | D:1      | Reached XP level 1. HP: 19/19 MP: 1/1
   104 | D:1      | Reached XP level 2. HP: 27/27 MP: 2/2
   400 | D:1      | Reached skill level 1 in Armour
   549 | D:1      | Reached XP level 3. HP: 29/33 MP: 3/3
   738 | D:2      | Reached skill level 5 in Axes
  1772 | D:2      | Reached XP level 4. HP: 40/40 MP: 4/4
  2691 | D:4      | HP: 2/41 [scorpion (2)]
  2692 | D:4      | Succumbed to a scorpion's poison

Vault maps used:
D:1:      scummos_arrival_star
D:4:      first_ration, nemelex_lonely_heart_becter, uniq_crazy_yiuf_cottage,
          uniq_natasha

Skill      XL: |  1  2  3  4 |
---------------+-------------+-----
Armour         | 1 2 |  2.0
Fighting       | 4 |  4.5
Axes           | 5 |  5.6
Dodging        | |  2.4
Stealth        | |  1.5

Action                   |  1- 3 |  4- 6 || total
-------------------------+-------+-------++-------
Melee: Hand axe          |   141 |    41 ||   182
  Use: Potion            |     2 |     1 ||     3
  Eat: Chunk             |     2 |     3 ||     5
Armor: Robe              |    19 |       ||    19
       Skin              |    14 |     5 ||    19
       Ring mail         |       |     5 ||     5
Dodge: Dodged            |   106 |    19 ||   125

Table legend:
 A = Non-vault XP
 B = Vault XP
 C = Vault XP percentage of total XP
 D = Non-vault monster count
 E = Vault monster count
 F = Vault count percentage of total count
                 A         B        C        D         E       F
            +---------+---------+-------+---------+---------+-------
      Total |     136 |       0 |   0.0 |      46 |       0 |   0.0
            +---------+---------+-------+---------+---------+-------
        D:1 |      40 |       0 |   0.0 |      24 |       0 |   0.0
        D:2 |      86 |       0 |   0.0 |      14 |       0 |   0.0
        D:3 |      10 |       0 |   0.0 |       8 |       0 |   0.0
            +---------+---------+-------+---------+---------+-------
